 Dungeon Crawl Stone Soup version 0.31-a0-222-gefeffbb62a (webtiles) character file.

Game seed: 10927519682960754441

6419 qw the Cleaver (level 10, -3/64 HPs)
             Began as a Gargoyle Fighter on July 5, 2023.
             Was an Elder of Okawaru.
             Slain by a cane toad (5 damage)
             ... on level 1 of the Lair of Beasts.
             The game lasted 00:04:05 (7545 turns).

qw the Cleaver (Gargoyle Fighter)                   Turns: 7545, Time: 00:04:06

Health: -3/64      AC: 30    Str: 31    XL:     10   Next: 98%
Magic:  14/14      EV: 10    Int:  8    God:    Okawaru [****..]
Gold:   360        SH:  6    Dex:  9    Spells: 9/9 levels left

rFire   . . .        Y - +1 war axe (heavy)
rCold   . . .        c - +0 buckler
rNeg    + . .        x - +0 plate armour
rPois   inf          a - +0 helmet
rElec   +            (no cloak)
rCorr   .            (no gloves)
SInv    .            j - +1 pair of boots
Will    .....        p - amulet of faith Stlth
                     i - +4 ring of protection
HPRegen 0.30/turn    q - +6 ring of strength
MPRegen 0.14/turn

%: faith
@: heroic
A: sickness immunity, AC +7, negative energy resistance 1, electricity
resistance, torment resistance 1, petrification resistance
a: Renounce Religion, Heroism, Finesse


You were on level 1 of the Lair of Beasts.
You worshipped Okawaru.
Okawaru was greatly pleased with you.
You visited 2 branches of the dungeon, and saw 9 of its levels.

You collected 360 gold pieces.


Innate Abilities, Weirdness & Mutations

You are immune to sickness and miasma.
Your stone body is resilient. (AC +7)
You are immune to poison.
You resist negative energy. (rN+)
You are resistant to electric shocks. (rElec)
You are resistant to unholy torment.
You are immune to petrification.


   Skills:
 - Level 8.1(13.1) Fighting
 - Level 10.3(15.3) Axes
 - Level 3.1(8.1) Throwing
 + Level 6.4(11.4) Armour
 - Level 2.0(7.0) Dodging
 - Level 5.2(10.2) Shields
 + Level 6.5 Invocations


You had 9 spell levels left.
You didn't know any spells.
Your spell library was empty.

Inventory:

Hand Weapons
 f - a +4 flail of protection
 o - a +0 flail of holy wrath
 Y - a +1 heavy war axe (weapon)
Missiles
 e - 17 boomerangs
Armour
 a - a +0 helmet (worn)
 c - a +0 buckler (worn)
 j - a +1 pair of boots (worn)
 x - a +0 plate armour (worn)
Jewellery
 i - a +4 ring of protection (left hand)
 l - an amulet of regeneration
 p - an amulet of faith (around neck)
 q - a +6 ring of strength (right hand)
Scrolls
 g - a scroll of identify
Potions
 b - a potion of enlightenment
 d - a potion of might
 h - 3 potions of curing
 m - 2 potions of attraction
 t - a potion of magic
 v - a potion of haste
 w - a potion of resistance
 A - a potion of brilliance {unknown}

Dungeon Overview and Level Annotations

Branches:
Dungeon (8/15)             Temple (0/1) D:6            Lair (1/5) D:8

Altars:
Cheibriados
Elyvilon
Fedhas
Gozag
Kikubaaqudgha
Okawaru
Qazlal
Uskayaw
Vehumet
Wu Jian
Yredelemnul
The Shining One

Shops:
D:3 (   D:4 :

Portals:
Ice
Cave: Lair:1

Annotations:
D:4 3 runed translucent doors, qw's ghost, amateur MiHs
D:7 1 runed translucent door, Crazy Yiuf
Lair:1 Fannar


Message History

You feel much better.
The cane toad stings you but does no damage.
The cane toad closely misses you.
The cane toad stings you but does no damage.
You barely miss the cane toad.
The cane toad is severely wounded.
You closely miss the cane toad. The cane toad stings you!
The cane toad barely misses you. You block the cane toad's attack.
A wyvern comes into view.
You hit the cane toad.
The cane toad is almost dead.
You hit the cane toad.
Your surroundings suddenly seem different. 2 wolves, a cane toad and a water moccasin come into view.
The wolf howls! x2; The cane toad gives a loud, deep croak!
The water moccasin hisses angrily.
You hear a howl!
A wolf comes into view.
You block the cane toad's attack.
Enter note: You barely miss the cane toad.
You block the cane toad's attack. The cane toad closely misses you.
You slice the cane toad!!
The cane toad is heavily wounded.
You hit the water moccasin.
The water moccasin bites you but does no damage.
The cane toad barely misses you. The water moccasin closely misses you.
You barely miss the cane toad.
The cane toad is heavily wounded.
You closely miss the water moccasin.
The cane toad stings you but does no damage.
You block the water moccasin's attack. The wolf bites you but does no damage.
The cane toad closely misses you. You block the water moccasin's attack.
You closely miss the cane toad.
The cane toad is heavily wounded.
You hit the wolf but do no damage. You slash the water moccasin!
You block the wolf's attack. The wolf bites you.
The wolf bites you but does no damage. The water moccasin bites you!
The cane toad stings you.
You die...

###...
P.....
#......
##.......
##........
.........
##hS......
#h@F......
##.h......
#........
###.#..#.
## ##


You could see a cane toad, a water moccasin and 3 wolves.

Vanquished Creatures
  Pikel (D:4)
  A rime drake (Lair:1)
  A cane toad (Lair:1)
  Sigmund (D:6)
  A basilisk (Lair:1)
  A yak (D:8)
  A steam dragon (D:8)
  Eustachio (D:6)
  Menkaure (D:7)
  Edmund (D:6)
  7 water moccasins (D:8)
  An ice beast (D:8)
  2 sky beasts
  3 black bears
  2 ogres
  An orc warrior (D:6)
  4 centaurs
  A phantom (D:5)
  A kobold brigand (D:6)
  3 scorpions
  6 bullfrogs
  9 wights
  6 killer bees (D:6)
  3 hounds
  A jelly (D:6)
  3 gnoll boudas
  5 orc priests
  Natasha (D:4)
  Terence (D:2)
  4 iguanas
  6 orc wizards
  Robin (D:2)
  17 gnolls
  10 adders
  13 white imps
  4 ufetubi
  2 worms
  A dart slug (D:5)
  36 orcs
  3 endoplasms (D:1)
  17 goblins
  9 hobgoblins
  13 kobolds
  2 quokkas
  8 ball pythons
  5 bats
  A frilled lizard (D:2)
  7 rats
229 creatures vanquished.

Notes
Turn   | Place    | Note
-------+----------+-------------------------------------------
     0 | D:1      | qw the Gargoyle Fighter began the quest for the Orb.
     0 | D:1      | Reached XP level 1. HP: 14/14 MP: 1/1
     0 | D:1      | 0 ||| qw: Version: 0.3-a-46-gb1f654a
     0 | D:1      | 0 ||| qw: Game counter: 1048
     0 | D:1      | 0 ||| qw: Melee chars always use a shield: true
     0 | D:1      | 0 ||| qw: God list: Okawaru
     0 | D:1      | 0 ||| qw: Allow faded altars: false
     0 | D:1      | 0 ||| qw: Do Orc after clearing Dungeon:15 true
     0 | D:1      | 0 ||| qw: Do second Lair branch before Depths: true
     0 | D:1      | 0 ||| qw: Lair rune preference: random
     0 | D:1      | 0 ||| qw: Goals: Normal, Zot:1-4, Slime:5, God:TSO, Crypt,
                  | Tomb, Abyss, Pan, Hells, Win
     0 | D:1      | 0 ||| PLANNING D:1-11
    27 | D:1      | Reached skill level 2 in Axes
   133 | D:1      | Reached XP level 2. HP: 19/19 MP: 2/2
   205 | D:1      | 205 ||| Stepping ~*~*~tactically~*~*~ (stealth).
   537 | D:1      | 537 ||| UPGRADING to +4 ring of protection.
   538 | D:1      | 538 ||| READING scroll labelled DOSAOW ACETEST.
   539 | D:1      | 539 ||| READING 2 scrolls labelled KEISEA UKLIT.
   540 | D:1      | 540 ||| READING scroll labelled HYANUI FIXO.
   541 | D:1      | 541 ||| READING scroll labelled QESO JUJYBBO.
   542 | D:1      | 542 ||| READING scroll labelled ELOISH HEPROO.
   643 | D:1      | 643 ||| READING scroll labelled ZAET MYEDOWOQ.
   644 | D:1      | 644 ||| READING scroll labelled KUSOHI SOIGAKY.
   653 | D:2      | Noticed Robin
   655 | D:2      | Reached skill level 3 in Axes
   655 | D:2      | 655 ||| STAIRDANCE
   658 | D:1      | Reached XP level 3. HP: 18/23 MP: 3/3
   678 | D:2      | 678 ||| STAIRDANCE
   684 | D:1      | HP: 5/23 [goblin/+0 dagger[Robin] (3)]
   768 | D:2      | 768 ||| STAIRDANCE
   768 | D:2      | HP: 3/23 [Robin/puff of flame (10)]
   867 | D:2      | Killed Robin
   899 | D:2      | 899 ||| DROPPING +0 whip.
   910 | D:2      | Reached XP level 4. HP: 28/28 MP: 4/4
   932 | D:2      | 932 ||| Stepping ~*~*~tactically~*~*~ (hiding).
  1114 | D:2      | Reached skill level 4 in Axes
  1242 | D:2      | Found an opulent altar of Gozag.
  1243 | D:2      | Noticed Terence
  1250 | D:2      | Killed Terence
  1565 | D:2      | 1565 ||| UPGRADING to +0 helmet.
  1570 | D:2      | 1570 ||| READING scroll labelled HEODOE LAOPY.
  1575 | D:2      | 1575 ||| READING scroll labelled VONLID PYMOAPN.
  1576 | D:2      | 1576 ||| DRINKING 2 clear potions.
  1577 | D:2      | 1577 ||| READING 3 scrolls of identify.
  1577 | D:2      | 1577 ||| IDENTIFYING murky dark potion
  1620 | D:3      | Found Quyboim's Weapon Shop.
  1697 | D:3      | 1697 ||| Stepping ~*~*~tactically~*~*~ (stealth).
  1730 | D:3      | Found a radiant altar of Vehumet.
  1792 | D:3      | 1792 ||| Stepping ~*~*~tactically~*~*~ (hiding).
  1795 | D:3      | 1795 ||| Stepping ~*~*~tactically~*~*~ (hiding).
  1796 | D:3      | 1796 ||| Stepping ~*~*~tactically~*~*~ (hiding).
  1798 | D:3      | 1798 ||| Stepping ~*~*~tactically~*~*~ (hiding).
  1799 | D:3      | 1799 ||| Stepping ~*~*~tactically~*~*~ (hiding).
  1803 | D:3      | Reached XP level 5. HP: 32/32 MP: 5/5
  2058 | D:3      | Reached skill level 5 in Axes
  2110 | D:3      | 2110 ||| Stepping ~*~*~tactically~*~*~ (hiding).
  2111 | D:3      | 2111 ||| Stepping ~*~*~tactically~*~*~ (hiding).
  2112 | D:3      | 2112 ||| Stepping ~*~*~tactically~*~*~ (hiding).
  2113 | D:3      | 2113 ||| Stepping ~*~*~tactically~*~*~ (hiding).
  2114 | D:3      | 2114 ||| Stepping ~*~*~tactically~*~*~ (hiding).
  2385 | D:3      | 2385 ||| READING 2 scrolls labelled OMMIJY OTEER.
  2386 | D:3      | 2386 ||| READING scroll labelled UMUURA ZARAYPA.
  2387 | D:3      | 2387 ||| READING scroll labelled QOYCOF REMIUME.
  2409 | D:3      | 2409 ||| DROPPING scroll of noise.
  2427 | D:4      | 2427 ||| Stepping ~*~*~tactically~*~*~ (stealth).
  2517 | D:4      | Reached XP level 6. HP: 35/38 MP: 6/6
  2530 | D:4      | Found an ornate altar of the Wu Jian Council.
  2648 | D:4      | 2648 ||| Stepping ~*~*~tactically~*~*~ (hiding).
  2650 | D:4      | 2650 ||| Stepping ~*~*~tactically~*~*~ (stealth).
  2656 | D:4      | Reached skill level 1 in Dodging
  2801 | D:4      | Found an ancient bone altar of Kikubaaqudgha.
  2835 | D:4      | Found a runed translucent gate.
  2835 | D:4      | Found a runed translucent gate.
  2835 | D:4      | Found a runed translucent gate.
  2836 | D:4      | Noticed qw's ghost (amateur MiHs)
  2863 | D:4      | Noticed a walking frostbound tome
  2884 | D:4      | Reached skill level 1 in Throwing
  2907 | D:4      | Found Zutwutox's Book Boutique.
  2907 | D:4      | Noticed a walking divine tome
  2940 | D:4      | Found an iron altar of Okawaru.
  2941 | D:4      | 2941 ||| PLANNING OKAWARU WORSHIP
  2941 | D:4      | 2941 ||| UPGRADING to +1 pair of boots.
  2946 | D:4      | 2946 ||| UPGRADING to +0 chain mail.
  2956 | D:4      | 2956 ||| DROPPING +0 scale mail.
  2957 | D:4      | 2957 ||| READING scroll labelled ARHIWK DIFU.
  2965 | D:4      | Became a worshipper of Warmaster Okawaru
  2966 | D:4      | 2966 ||| PLANNING D:1-11
  3016 | D:4      | Noticed Pikel
  3017 | D:4      | 3017 ||| Stepping ~*~*~tactically~*~*~ (hiding).
  3038 | D:4      | Killed Pikel
  3038 | D:4      | Reached * piety under Okawaru
  3038 | D:4      | Reached ** piety under Okawaru
  3039 | D:4      | Reached skill level 7 in Axes
  3039 | D:4      | Reached XP level 7. HP: 27/43 MP: 7/7
  3039 | D:4      | 3039 ||| INVOKING Heroism.
  3245 | D:4      | Noticed Natasha
  3246 | D:4      | 3246 ||| INVOKING Heroism.
  3251 | D:4      | Killed Natasha
  3382 | D:4      | 3382 ||| READING scroll labelled GUSMUU ASAMACH.
  3383 | D:4      | 3383 ||| READING scroll labelled LUEQIO RYTAI.
  3406 | D:5      | Entered Level 5 of the Dungeon
  3476 | D:5      | Found a stormy altar of Qazlal.
  3479 | D:5      | Reached skill level 1 in Invocations
  3479 | D:5      | Reached XP level 8. HP: 48/48 MP: 8/8
  3564 | D:5      | 3564 ||| FLEEEEING.
  3565 | D:5      | 3565 ||| FLEEEEING.
  3566 | D:5      | 3566 ||| FLEEEEING.
  3567 | D:5      | 3567 ||| FLEEEEING.
  3568 | D:5      | 3568 ||| FLEEEEING.
  3569 | D:5      | 3569 ||| FLEEEEING.
  3570 | D:5      | 3570 ||| FLEEEEING.
  3571 | D:5      | 3571 ||| FLEEEEING.
  3575 | D:5      | Reached skill level 3 in Invocations
  3731 | D:5      | Found a white marble altar of Elyvilon.
  3766 | D:5      | 3766 ||| Stepping ~*~*~tactically~*~*~ (hiding).
  3878 | D:5      | 3878 ||| Stepping ~*~*~tactically~*~*~ (stealth).
  3879 | D:5      | 3879 ||| Stepping ~*~*~tactically~*~*~ (stealth).
  3881 | D:5      | 3881 ||| Stepping ~*~*~tactically~*~*~ (hiding).
  3883 | D:5      | 3883 ||| INVOKING Heroism.
  3984 | D:5      | Found a basalt altar of Yredelemnul.
  4164 | D:5      | Identified the +1 trident "Lowkemab" {vamp, rPois rC-
                  | Int+3}
  4238 | D:5      | 4238 ||| INVOKING Heroism.
  4245 | D:5      | Reached skill level 8 in Axes
  4338 | D:5      | 4338 ||| Stepping ~*~*~tactically~*~*~ (stealth).
  4339 | D:5      | 4339 ||| Stepping ~*~*~tactically~*~*~ (stealth).
  4341 | D:5      | 4341 ||| Stepping ~*~*~tactically~*~*~ (stealth).
  4411 | D:5      | 4411 ||| INVOKING Heroism.
  4438 | D:5      | 4438 ||| UPGRADING to amulet of regeneration.
  4443 | D:5      | 4443 ||| UPGRADING to amulet of faith.
  4453 | D:5      | 4453 ||| DRINKING 2 red potions.
  4467 | D:6      | 4467 ||| Stepping ~*~*~tactically~*~*~ (hiding).
  4478 | D:6      | Reached XP level 9. HP: 52/54 MP: 12/12
  4492 | D:6      | Found a staircase to the Ecumenical Temple.
  4509 | D:6      | Reached skill level 6 in Fighting
  4513 | D:6      | 4513 ||| Stepping ~*~*~tactically~*~*~ (stealth).
  4523 | D:6      | 4523 ||| Stepping ~*~*~tactically~*~*~ (stealth).
  4524 | D:6      | 4524 ||| INVOKING Heroism.
  4542 | D:6      | 4542 ||| DROPPING +0 flail.
  4598 | D:6      | Noticed Sigmund
  4599 | D:6      | 4599 ||| INVOKING Heroism.
  4601 | D:6      | Killed Sigmund
  4601 | D:6      | Reached *** piety under Okawaru
  4602 | D:6      | Reached skill level 9 in Axes
  4630 | D:6      | 4630 ||| Stepping ~*~*~tactically~*~*~ (stealth).
  4633 | D:6      | 4633 ||| Stepping ~*~*~tactically~*~*~ (stealth).
  4635 | D:6      | 4635 ||| Stepping ~*~*~tactically~*~*~ (stealth).
  4636 | D:6      | 4636 ||| Stepping ~*~*~tactically~*~*~ (stealth).
  4637 | D:6      | 4637 ||| Stepping ~*~*~tactically~*~*~ (stealth).
  4638 | D:6      | 4638 ||| Stepping ~*~*~tactically~*~*~ (stealth).
  4640 | D:6      | 4640 ||| Stepping ~*~*~tactically~*~*~ (hiding).
  4754 | D:6      | Noticed Eustachio
  4755 | D:6      | 4755 ||| INVOKING Heroism.
  4763 | D:6      | Killed Eustachio
  4813 | D:6      | Reached skill level 3 in Throwing
  5022 | D:6      | 5022 ||| INVOKING Heroism.
  5164 | D:6      | Noticed Edmund
  5165 | D:6      | 5165 ||| INVOKING Heroism.
  5169 | D:6      | Killed Edmund
  5232 | D:6      | 5232 ||| DROPPING scarf of invisibility.
  5253 | D:7      | 5253 ||| INVOKING Heroism.
  5254 | D:7      | Noticed Menkaure
  5256 | D:7      | Found a snail-covered altar of Cheibriados.
  5259 | D:7      | Reached XP level 10. HP: 52/63 MP: 10/13
  5261 | D:7      | Killed Menkaure
  5262 | D:7      | 5262 ||| Stepping ~*~*~tactically~*~*~ (hiding).
  5274 | D:7      | 5274 ||| INVOKING Heroism.
  5364 | D:7      | 5364 ||| Stepping ~*~*~tactically~*~*~ (stealth).
  5395 | D:7      | 5395 ||| Stepping ~*~*~tactically~*~*~ (stealth).
  5396 | D:7      | 5396 ||| Stepping ~*~*~tactically~*~*~ (stealth).
  5398 | D:7      | 5398 ||| Stepping ~*~*~tactically~*~*~ (hiding).
  5401 | D:7      | 5401 ||| INVOKING Heroism.
  5437 | D:7      | 5437 ||| Stepping ~*~*~tactically~*~*~ (hiding).
  5446 | D:7      | Reached skill level 10 in Axes
  5478 | D:7      | Found a hide-covered altar of Uskayaw.
  5607 | D:7      | Found a blossoming altar of Fedhas.
  5759 | D:7      | 5759 ||| Stepping ~*~*~tactically~*~*~ (hiding).
  5760 | D:7      | 5760 ||| Stepping ~*~*~tactically~*~*~ (hiding).
  5761 | D:7      | 5761 ||| Stepping ~*~*~tactically~*~*~ (hiding).
  5978 | D:7      | Found a runed translucent door.
  5979 | D:7      | Noticed Crazy Yiuf
  6157 | D:7      | 6157 ||| DROPPING +1 hat.
  6158 | D:7      | 6158 ||| UPGRADING to +6 ring of strength.
  6159 | D:7      | 6159 ||| DROPPING ring of wizardry.
  6160 | D:7      | 6160 ||| READING 4 scrolls of identify.
  6160 | D:7      | 6160 ||| IDENTIFYING sedimented orange potion
  6161 | D:7      | 6161 ||| READING 3 scrolls of identify.
  6161 | D:7      | 6161 ||| IDENTIFYING fizzy amethyst potion
  6162 | D:7      | 6162 ||| DROPPING potion of berserk rage.
  6201 | D:8      | 6201 ||| INVOKING Heroism.
  6210 | D:8      | 6210 ||| Stepping ~*~*~tactically~*~*~ (cloud).
  6211 | D:8      | 6211 ||| Stepping ~*~*~tactically~*~*~ (cloud).
  6289 | D:8      | 6289 ||| Stepping ~*~*~tactically~*~*~ (stealth).
  6303 | D:8      | 6303 ||| Stepping ~*~*~tactically~*~*~ (stealth).
  6321 | D:8      | Reached **** piety under Okawaru
  6340 | D:8      | Found a staircase to the Lair.
  6389 | D:8      | 6389 ||| INVOKING Heroism.
  6424 | D:8      | 6424 ||| Stepping ~*~*~tactically~*~*~ (stealth).
  6425 | D:8      | 6425 ||| Stepping ~*~*~tactically~*~*~ (stealth).
  6444 | D:8      | 6444 ||| INVOKING Heroism.
  6589 | D:8      | 6589 ||| DRINKING 4 potions of curing.
  6589 | D:8      | 6589 ||| (to cure confusion)
  6685 | D:8      | Found a glowing golden altar of the Shining One.
  6972 | D:8      | 6972 ||| Stepping ~*~*~tactically~*~*~ (hiding).
  7074 | D:8      | 7074 ||| PLANNING LAIR
  7074 | D:8      | 7074 ||| DROPPING scarf of shadows.
  7075 | D:8      | 7075 ||| UPGRADING to +0 plate armour.
  7085 | D:8      | 7085 ||| DROPPING +0 chain mail.
  7086 | D:8      | 7086 ||| READING scroll labelled NUEJIGHAES.
  7087 | D:8      | 7087 ||| READING 4 scrolls of identify.
  7087 | D:8      | 7087 ||| IDENTIFYING fuming coppery potion
  7088 | D:8      | 7088 ||| READING 3 scrolls of identify.
  7088 | D:8      | 7088 ||| IDENTIFYING fuming inky potion
  7089 | D:8      | 7089 ||| READING 2 scrolls of identify.
  7089 | D:8      | 7089 ||| IDENTIFYING glowing dark potion
  7090 | D:8      | 7090 ||| DROPPING potion of invisibility.
  7105 | Lair:1   | Entered Level 1 of the Lair of Beasts
  7105 | Lair:1   | Noticed a cane toad
  7106 | Lair:1   | 7106 ||| INVOKING Heroism.
  7111 | Lair:1   | Killed a cane toad
  7117 | Lair:1   | 7117 ||| Stepping ~*~*~tactically~*~*~ (stealth).
  7118 | Lair:1   | 7118 ||| Stepping ~*~*~tactically~*~*~ (stealth).
  7120 | Lair:1   | 7120 ||| Stepping ~*~*~tactically~*~*~ (hiding).
  7121 | Lair:1   | 7121 ||| Stepping ~*~*~tactically~*~*~ (hiding).
  7127 | Lair:1   | Reached skill level 6 in Armour
  7127 | Lair:1   | Reached skill level 6 in Invocations
  7187 | Lair:1   | 7187 ||| Stepping ~*~*~tactically~*~*~ (hiding).
  7188 | Lair:1   | 7188 ||| Stepping ~*~*~tactically~*~*~ (hiding).
  7192 | Lair:1   | 7192 ||| Stepping ~*~*~tactically~*~*~ (hiding).
  7193 | Lair:1   | 7193 ||| Stepping ~*~*~tactically~*~*~ (hiding).
  7197 | Lair:1   | Received a gift from Okawaru
  7199 | Lair:1   | 7199 ||| Stepping ~*~*~tactically~*~*~ (hiding).
  7207 | Lair:1   | 7207 ||| Stepping ~*~*~tactically~*~*~ (stealth).
  7249 | Lair:1   | 7249 ||| Stepping ~*~*~tactically~*~*~ (stealth).
  7251 | Lair:1   | 7251 ||| Stepping ~*~*~tactically~*~*~ (hiding).
  7253 | Lair:1   | 7253 ||| Stepping ~*~*~tactically~*~*~ (hiding).
  7261 | Lair:1   | 7261 ||| Stepping ~*~*~tactically~*~*~ (stealth).
  7262 | Lair:1   | 7262 ||| Stepping ~*~*~tactically~*~*~ (stealth).
  7266 | Lair:1   | 7266 ||| Stepping ~*~*~tactically~*~*~ (stealth).
  7268 | Lair:1   | 7268 ||| Stepping ~*~*~tactically~*~*~ (hiding).
  7278 | Lair:1   | 7278 ||| FLEEEEING.
  7279 | Lair:1   | 7279 ||| FLEEEEING.
  7309 | Lair:1   | Found a frozen archway.
  7324 | Lair:1   | 7324 ||| FLEEEEING.
  7325 | Lair:1   | 7325 ||| FLEEEEING.
  7326 | Lair:1   | 7326 ||| FLEEEEING.
  7327 | Lair:1   | 7327 ||| FLEEEEING.
  7328 | Lair:1   | 7328 ||| FLEEEEING.
  7329 | Lair:1   | 7329 ||| FLEEEEING.
  7330 | Lair:1   | 7330 ||| FLEEEEING.
  7331 | Lair:1   | 7331 ||| FLEEEEING.
  7332 | Lair:1   | 7332 ||| FLEEEEING.
  7336 | Lair:1   | 7336 ||| FLEEEEING.
  7337 | Lair:1   | 7337 ||| FLEEEEING.
  7338 | Lair:1   | 7338 ||| FLEEEEING.
  7339 | Lair:1   | 7339 ||| FLEEEEING.
  7341 | Lair:1   | 7341 ||| FLEEEEING.
  7342 | Lair:1   | 7342 ||| FLEEEEING.
  7343 | Lair:1   | 7343 ||| STAIRDANCE
  7440 | Lair:1   | Noticed Fannar
  7441 | Lair:1   | 7441 ||| FLEEEEING.
  7442 | Lair:1   | 7442 ||| FLEEEEING.
  7443 | Lair:1   | 7443 ||| FLEEEEING.
  7444 | Lair:1   | 7444 ||| FLEEEEING.
  7445 | Lair:1   | 7445 ||| FLEEEEING.
  7446 | Lair:1   | 7446 ||| FLEEEEING.
  7447 | Lair:1   | 7447 ||| FLEEEEING.
  7448 | Lair:1   | 7448 ||| FLEEEEING.
  7452 | Lair:1   | 7452 ||| FLEEEEING.
  7453 | Lair:1   | 7453 ||| FLEEEEING.
  7454 | Lair:1   | 7454 ||| FLEEEEING.
  7455 | Lair:1   | 7455 ||| FLEEEEING.
  7457 | Lair:1   | 7457 ||| FLEEEEING.
  7458 | Lair:1   | 7458 ||| FLEEEEING.
  7459 | Lair:1   | 7459 ||| STAIRDANCE
  7520 | Lair:1   | 7520 ||| INVOKING Heroism.
  7526 | Lair:1   | HP: 16/64 [Fannar/+0 quarterstaff of freezing (11)]
  7527 | Lair:1   | 7527 ||| READING 2 scrolls of teleportation.
  7530 | Lair:1   | Noticed a cane toad
  7531 | Lair:1   | 7531 ||| Stepping ~*~*~tactically~*~*~ (stealth).
  7532 | Lair:1   | 7532 ||| Stepping ~*~*~tactically~*~*~ (stealth).
  7532 | Lair:1   | Noticed a cane toad
  7537 | Lair:1   | HP: 5/64 [cane toad (15)]
  7538 | Lair:1   | 7538 ||| READING scroll of teleportation.
  7539 | Lair:1   | 7539 ||| DRINKING potion of heal wounds.
  7541 | Lair:1   | Noticed a cane toad
  7545 | Lair:1   | HP: 9/64 [wolf (1)]
  7545 | Lair:1   | HP: 2/64 [water moccasin (7)]
  7545 | Lair:1   | Slain by a cane toad

Levels and vault maps discovered:
D:1:      lightli_arrival_boilingwater, layout_rooms, minmay_unequal
D:2:      layout_loops_ring, basic_altar, eino_curves_02,
          chequers_serial_rivers_marsh, glass_columns_a, uniq_terence,
          uniq_robin
D:3:      layout_basic, vehumet_crystals, serial_shops,
          nicolae_shop_hallway_plus
D:4:      layout_basic, mainiacjoe_overflow_boulevard,
          kiku_gazebo_garden_becter, nicolae_wu_jian_wuxing_cycle, serial_shops,
          nicolae_shop_mannequins, ebering_ghost_rock_garden, uniq_natasha,
          uniq_pikel
D:5:      minmay_bubble_buster, layout_rooms, kennysheep_ying_yang,
          mainiacjoe_overflow_alcove_1, serial_bayou_pond_c
D:6:      layout_rooms, minmay_temple_entry_arrows, hex_intersection,
          kennysheep_minor_cross, uniq_eustachio, uniq_edmund, uniq_sigmund
D:7:      layout_loops_ring, kennysheep_mini, cheibriados_altar_1,
          fedhas_altar_1, uniq_menkaure, uniq_crazy_yiuf_cottage
D:8:      layout_basic, lemuel_doored_altar, due_lair_maze_entry_diamond,
          enter_bailey_3
Lair:1:   layout_cave_pods, portal_ice_cave_entry_imps, gammafunk_ghost_icy,
          minivault_23, grunt_megastairs_2, uniq_fannar

Skill      XL: |  1  2  3  4  5  6  7  8  9 10 |
---------------+-------------------------------+-----
Axes           | 2 3 4 5 7 8 9 10 | 10.3
Fighting       | 4 5 7 8 |  8.1
Dodging        | 1 2 |  2.0
Throwing       | 1 2 3 |  3.1
Invocations    | 1 4 6 |  6.5
Armour         | 4 5 6 |  6.4
Shields        | 4 5 |  5.2

Action                     |  1- 3 |  4- 6 |  7- 9 | 10-12 || total
---------------------------+-------+-------+-------+-------++-------
  Melee: War axe           |    66 |   130 |   162 |   188 ||   546
  Throw: Boomerang         |       |    43 |    15 |    11 ||    69
         Javelin           |       |     7 |    46 |    20 ||    73
 Invoke: Heroism           |       |       |    11 |     7 ||    18
    Use: Scroll            |     7 |     7 |     2 |     8 ||    24
         Potion            |       |     1 |     1 |     2 ||     4
 Armour: Scale mail        |    70 |    82 |       |       ||   152
         Skin              |       |    10 |       |       ||    10
         Chain mail        |       |     6 |   152 |   120 ||   278
         Plate armour      |       |       |       |    46 ||    46
  Dodge: Dodged            |    44 |    78 |   123 |   101 ||   346
  Block: Buckler           |    17 |    33 |    59 |    63 ||   172

Table legend:
 A = Non-vault XP
 B = Vault XP
 C = Vault XP percentage of total XP
 D = Non-vault monster count
 E = Vault monster count
 F = Vault count percentage of total count
                 A         B        C        D         E       F
            +---------+---------+-------+---------+---------+-------
      Total |    5982 |    3189 |  34.8 |     171 |      58 |  25.3
            +---------+---------+-------+---------+---------+-------
        D:1 |      38 |      18 |  32.1 |      15 |      11 |  42.3
        D:2 |      31 |      59 |  65.6 |      13 |       6 |  31.6
        D:3 |     113 |       0 |   0.0 |      20 |       0 |   0.0
        D:4 |     159 |     754 |  82.6 |      19 |       2 |   9.5
        D:5 |     904 |     215 |  19.2 |      23 |      10 |  30.3
        D:6 |    1776 |     565 |  24.1 |      34 |       3 |   8.1
        D:7 |     758 |     172 |  18.5 |      26 |       1 |   3.7
        D:8 |    1041 |    1289 |  55.3 |      16 |      13 |  44.8
     Lair:1 |    1162 |     117 |   9.1 |       5 |      12 |  70.6
            +---------+---------+-------+---------+---------+-------
